 Dungeon Crawl Stone Soup version 0.30-a0-777-ga9a30cbeda (console) character file.

Game seed: 1493435011084743226

128 rlgrobin the Chopper (level 4, 0/39 HPs)
             Began as an Armataur Fighter on Feb 15, 2023.
             Was an Initiate of Fedhas.
             Slain by a gnoll bouda
             ... wielding a +0 whip
              (2 damage)
             ... on level 5 of the Dungeon.
             The game lasted 00:02:52 (540 turns).

rlgrobin the Chopper (Armataur Fighter)              Turns: 540, Time: 00:02:53

Health: 0/39       AC:  8    Str: 21    XL:     4   Next: 86%
Magic:  4/4        EV:  5    Int:  8    God:    Fedhas [......]
Gold:   50         SH:  4    Dex: 12    Spells: 3/3 levels left

rFire   . . .      SeeInvis .    a - +0 war axe
rCold   . . .      Faith    .    c - +0 buckler
rNeg    . . .      Spirit   .    e - +0 chain mail
rPois   .          Reflect  .    (no helmet)
rElec   .          Harm     .    (no cloak)
rCorr   .          Roll     +    (no gloves)
Will    .....                    (no barding) Stlth
                                 (no amulet)
HPRegen 0.26/turn                (no ring)
MPRegen 0.09/turn                (no ring)

@: no status effects
A: large, rugged brown scales 3, deformed body, armoured tail, roll, long
tongue, awkward tongue
a: Renounce Religion


You were on level 5 of the Dungeon.
You worshipped Fedhas.
Fedhas was noncommittal.
You visited 1 branch of the dungeon, and saw 5 of its levels.

You collected 50 gold pieces.

Inventory:

Hand Weapons
 a - a +0 war axe (weapon)
Armour
 c - a +0 buckler (worn)
 e - a +0 chain mail (worn)
Scrolls
 b - a scroll of silence {unknown}
 f - a scroll of noise {unknown}
 g - a scroll of amnesia {unknown}
 h - 2 scrolls of immolation {unknown}
 i - a scroll of butterflies {unknown}
 j - a scroll of teleportation {unknown}


   Skills:
 - Level 2.6 Fighting
 + Level 4.2 Axes
 - Level 3.6 Armour
 - Level 3.2 Shields


You had 3 spell levels left.
You didn't know any spells.
Your spell library was empty.

Dungeon Overview and Level Annotations

Branches:
Dungeon (5/15)
 Temple: D:4-7

Altars:
Fedhas


Innate Abilities, Weirdness & Mutations

You are completely covered in rugged brown scales. (AC +3, +7% HP)
Armour fits poorly on your strangely shaped body.
You have a long armoured tail.
You roll when moving toward enemies. (Rampage)
Your long tongue fully drains potion bottles. (2x potion effects)
Your tongue gives you trouble enunciating. (1.5x scroll delay)


Message History

Fedhas appreciates your contribution to the ecosystem.
You hit the gnoll.
The gnoll is heavily wounded.
The gnoll hits you but does no damage.
You hit the gnoll.
Your tail-slap misses the gnoll.
The gnoll is severely wounded.
The gnoll hits you with a +0 club.
The gnoll hits you from afar with a +0 halberd!
You barely miss the gnoll bouda.
The gnoll hits you from afar with a +0 halberd.
The gnoll bouda barks out a call to the hunt!
The gnolls pick up the pace!
You hear a shout!
You barely miss the gnoll bouda.
Your tail-slap misses the gnoll bouda.
The gnoll hits you from afar with a +0 halberd.
The gnoll bouda hits you with a +0 whip!
You slash the gnoll bouda!
The gnoll bouda is moderately wounded.
The gnoll barely misses you.
The gnoll bouda calls upon its god to heal the gnoll.
The gnoll is healed somewhat.
You block the gnoll bouda's attack. The gnoll hits you but does no damage.
You closely miss the gnoll bouda.
The gnoll bouda is moderately wounded.
The gnoll hits you from afar with a +0 halberd!
* * * LOW HITPOINT WARNING * * *
You block the gnoll bouda's attack.
You barely miss the gnoll bouda.
Your tail-slap misses the gnoll bouda.
The gnoll bouda is moderately wounded.
You block the gnoll's attack.
The gnoll bouda calls upon its god to heal the gnoll.
The gnoll's wounds heal themselves!
You closely miss the gnoll bouda. You tail-slap the gnoll bouda.
The gnoll bouda is heavily wounded.
The gnoll bouda hits you with a +0 whip.
* * * LOW HITPOINT WARNING * * *
The gnoll barely misses you.
The gnoll bouda hits you with a +0 whip.
You die...
Fedhas appreciates your contribution to the ecosystem.

########
#ggg@..#
#.####.# #. #.#
#g #.# #g #.# #g
#.##############
#.
#...............
#g
################


You could see a gnoll bouda and 2 gnolls.

Vanquished Creatures
  An ogre (D:4)
  A gnoll (D:5)
  A dart slug (D:2)
  4 bats
  4 endoplasms
  A giant cockroach (D:2)
  3 goblins
  4 hobgoblins
  A jackal (D:2)
  A quokka (D:1)
  A frilled lizard (D:2)
  2 kobolds
  A rat (D:1)
25 creatures vanquished.

Vanquished Creatures (others)
  2 fungi (D:1)
  A plant (D:1)
3 creatures vanquished.

Grand Total: 28 creatures vanquished

Notes
Turn   | Place    | Note
-------+----------+-------------------------------------------
     0 | D:1      | rlgrobin the Armataur Fighter began the quest for the Orb.
     0 | D:1      | Reached XP level 1. HP: 19/19 MP: 1/1
    55 | D:1      | Reached skill level 2 in Axes
    58 | D:1      | Reached XP level 2. HP: 20/26 MP: 2/2
   336 | D:3      | Found a blossoming altar of Fedhas.
   347 | D:3      | Became a worshipper of Fedhas Madash
   419 | D:4      | Noticed an ogre
   425 | D:4      | Killed an ogre
   426 | D:4      | Reached skill level 4 in Axes
   426 | D:4      | Reached XP level 3. HP: 14/32 MP: 3/3
   426 | D:4      | Reached XP level 4. HP: 17/39 MP: 4/4
   510 | D:5      | Entered Level 5 of the Dungeon
   540 | D:5      | Slain by a gnoll bouda

Illustrated notes

Levels and vault maps discovered:
D:1:      lightli_arrival_boilingwater, layout_loops_ring,
          shapermc_ecumenical_altar_acropolis
D:2:      minmay_wonky_spiral, layout_loops_corners,
          amcnicky_mini_corridor_feature, uniq_crazy_yiuf_cottage
D:3:      layout_basic, grunt_temple_overflow_opulence,
          lemuel_coloured_pillars_altar, nicolae_uskayaw_suspiria,
          nicolae_eternal_life
D:4:      layout_gridville, kennysheep_minor_cross
D:5:      layout_basic, lemuel_tele_altar, mainiacjoe_overflow_brackets,
          led_xom_imps, minmay_shop_mass, minmay_checkerbox

Skill      XL: |  1  2 |
---------------+-------+-----
Axes           | 2 4 |  4.2
Fighting       | |  2.6
Armour         | |  3.6
Shields        | |  3.2

Action                     |  1- 3 |  4- 6 || total
---------------------------+-------+-------++-------
  Melee: War axe           |    65 |    12 ||    77
         Tailslap          |     3 |     1 ||     4
    Use: Potion            |     1 |       ||     1
 Armour: Chain mail        |    34 |     4 ||    38
  Dodge: Dodged            |    30 |     2 ||    32
  Block: Buckler           |    19 |     3 ||    22

Table legend: (Time is in decaauts)
 A = Elapsed time spent in this place.
 B = Non-inter-level travel time spent in this place.
 C = Inter-level travel time spent in this place.
 D = Time resting spent in this place.
 E = Time spent auto-exploring this place.
 F = Levels seen in this place.
 G = Mean time per level.
                   A        B        C        D        E       F      G
               +--------+--------+--------+--------+--------+-----+--------+
         Total |    569 |    569 |      0 |      0 |      0 |   5 |  113.8 |
       Dungeon |    569 |    569 |      0 |      0 |      0 |   5 |  113.8 |
               +--------+--------+--------+--------+--------+-----+--------+

Top non-repeatable levels by time:
     D:2: 231 daAuts
     D:1: 130 daAuts
     D:4: 115 daAuts
     D:3: 60 daAuts
     D:5: 32 daAuts
